 Dungeon Crawl Stone Soup version 0.31-a0-325-g067879e3d3 (webtiles) character file.

Game seed: 1426906955970112179

148 Newt the Trooper (level 5, -2/4 HPs)
             Began as a Barachi Fighter on July 18, 2023.
             Was an Initiate of Hepliaklqana.
             Slain by a lemure (6 damage)
             ... led by Pikel
             ... on level 4 of the Dungeon.
             The game lasted 00:03:23 (3532 turns).

Newt the Trooper (Barachi Fighter)                  Turns: 3532, Time: 00:03:24

Health: -2/4       AC:  1    Str: 19    XL:     5   Next: 30%
Magic:  5/5        EV:  8    Int:  9    God:    Hepliaklqana [......]
Gold:   199        SH: 12    Dex: 11    Spells: 4/4 levels left

rFire   . . .        a - +0 long sword
rCold   . . .        x - +0 tower shield
rNeg    + . .        b - melded +0 scale mail
rPois   .            (no helmet)
rElec   .            j - +0 cloak
rCorr   .            (no gloves)
SInv    .            (no boots)
Will    .....        (no amulet)
Stlth   +            g - ring of positive energy
HPRegen 0.20/turn    (no ring)
MPRegen 0.09/turn

%: no passive effects
@: maw-form, slow
A: devouring maw, reduced hp, amphibious, slowness 1, strong legs 1, +LOS
a: Hop, Begin Untransformation, Renounce Religion


You were on level 4 of the Dungeon.
You worshipped Hepliaklqana.
Hepliaklqana was noncommittal.
You were a creature with a mouth for a stomach.
You visited 1 branch of the dungeon, and saw 4 of its levels.

You collected 199 gold pieces.

Inventory:

Hand Weapons
 a - a +0 long sword (weapon)
 l - a +1 short sword of speed
Missiles
 k - 3 silver boomerangs
Armour
 b - a +0 scale mail (melded)
 c - a +0 buckler
 j - a +0 cloak (worn)
 x - a +0 tower shield (worn)
Jewellery
 g - a ring of positive energy (left hand)
 y - a ring of poison resistance
Talismans
 w - a maw talisman
Scrolls
 i - a scroll of silence {unknown}
 s - a scroll of amnesia
 u - 3 scrolls of identify
 v - a scroll of enchant armour {unknown}
Potions
 d - 2 potions of might
 e - 2 potions of haste {unknown}
 f - 3 potions of cancellation {unknown}
 h - 2 potions of enlightenment {unknown}
 m - 2 potions of invisibility {unknown}
 n - a potion of mutation
 o - a potion of attraction {unknown}
 p - a potion of magic {unknown}
 q - 3 potions of curing {unknown}
 r - 2 potions of degeneration {unknown}
 t - a potion of brilliance {unknown}


   Skills:
 - Level 6.0 Fighting
 + Level 4.3 Long Blades
 - Level 3.6 Armour
 - Level 3.2 Shields


You had 4 spell levels left.
You didn't know any spells.
Your spell library contained the following spells:

 Spells                   Type           Power      Damage    Failure   Level
 Slow                     Hex            0%         N/A       98%         1
 Confusing Touch          Hex            0%         N/A       100%        3
 Vampiric Draining        Necr           0%         2d6       100%        3


Dungeon Overview and Level Annotations

Branches:
Dungeon (4/15)
 Temple: D:4-7

Altars:
Gozag
Hepliaklqana
Nemelex Xobeh


Innate Abilities, Weirdness & Mutations

You are a creature with a mouth for a stomach.
Your midsection houses a second, enormous mouth.
Your maximum health is decreased, since you lack skill for your form.
You are amphibious.
You cover ground slowly.
You can hop short distances.
You have an extended range of vision and can be seen from far away.


Message History

The goblin is severely wounded.
You block the goblin's attack.
Unknown command.
You barely miss the goblin. You bite the goblin.
You devour the goblin!
You feel better.
You kill the goblin!
Unknown command.
You start resting.
HP restored.
You see here a +0 club.
Found an orcbow.
Found a scroll of poison.
Found a helmet.
There is a hazy altar of Hepliaklqana here.
You kneel at the altar of Hepliaklqana.
Hepliaklqana welcomes you!
You open the door.
q - 3 fizzy coppery potions (gained 2)
Found a stone staircase leading down.
Found a spear.
You see here a +0 spear.
You see here a +0 spear.
Found an escape hatch in the ceiling.
No target in view!
No target in view!
y - a ring of poison resistance You see here a +0 orcbow.
There is a hazy altar of Hepliaklqana here.
A lemure comes into view.
Found a stone staircase leading up.
The lemure shouts!
You hear a shout!
A lemure comes into view.
The lemure moves out of view.
The lemure shouts!
A lemure comes into view.
There are monsters nearby!
Unknown command.
The lemure attacks as you move away! The lemure completely misses you.
The lemure attacks as you move away! The lemure hits you.
Ouch! That really hurt!
You die...

############....#...##.........
#..........##.......##.........
#..........##......5##.........
###..........########............
#............# ######.#.#..######
#............# #.5.5..#.##.###
#............# #.######......#
#............# #5###########.#
#............###W#<....# #.#
#......................# #.####
#...######....##.......# #.....
#...# #....##.......# #.....
#...# #....'........#####.....
#...# #....#...........##.....
#...# ######.......###.##.....
#...# #.......# #.##..... #...#
#.......###.##.....


You could see 2 lemures.

Vanquished Creatures
  A hound (D:4)
  5 adders
  A worm (D:2)
  3 dart slugs
  2 orcs
  2 ball pythons
  4 endoplasms
  A giant cockroach (D:1)
  3 hobgoblins
  9 jackals (D:1)
  2 quokkas (D:2)
  6 bats
  5 frilled lizards
  6 goblins
  6 kobolds
  8 rats
64 creatures vanquished.

Notes
Turn   | Place    | Note
-------+----------+-------------------------------------------
     0 | D:1      | Newt the Barachi Fighter began the quest for the Orb.
     0 | D:1      | Reached XP level 1. HP: 18/18 MP: 1/1
    49 | D:1      | Reached skill level 4 in Fighting
    90 | D:1      | Reached XP level 2. HP: 23/25 MP: 2/2
   698 | D:1      | Reached XP level 3. HP: 32/32 MP: 3/3
   716 | D:1      | Reached skill level 5 in Fighting
  1608 | D:2      | Reached XP level 4. HP: 40/40 MP: 4/4
  1632 | D:2      | Reached skill level 6 in Fighting
  2328 | D:3      | Found a faded altar of an unknown god.
  2991 | D:3      | Found an opulent altar of Gozag.
  2992 | D:3      | Found a sparkling altar of Nemelex Xobeh.
  3067 | D:4      | Reached XP level 5. HP: 45/46 MP: 5/5
  3290 | D:4      | Found a hazy altar of Hepliaklqana.
  3304 | D:4      | Became a worshipper of Hepliaklqana the Forgotten
  3510 | D:4      | Noticed a lemure
  3510 | D:4      | Noticed a lemure
  3511 | D:4      | Noticed a lemure
  3532 | D:4      | Slain by a lemure

Illustrated notes

Levels and vault maps discovered:
D:1:      co_arrival_random_square_maze, layout_loops_corners,
          minmay_tromino_v4_a
D:2:      layout_loops_ring, serial_aquarium, aquarium_bridge_square
          [aquarium_subvault_wall, aquarium_subvault_wall,
          aquarium_subvault_bridge, aquarium_subvault_window],
          aquarium_window_1, aquarium_window_fake, aquarium_window_corridor_3,
          aquarium_window_2, aquarium_view_2e, aquarium_view_2b,
          aquarium_balcony_5a, aquarium_pool_2
D:3:      layout_basic, grunt_temple_overflow_opulence,
          shapermc_ecumenical_altar_mp_highgroup
D:4:      layout_basic, nicolae_overflow_two_pavilions,
          nicolae_overflow_crystal_walls, serial_shops,
          nicolae_shop_pleasant_corner_grove, hangedman_abyss_or_decor_passed,
          uniq_pikel

Skill      XL: |  1  2  3  4 |
---------------+-------------+-----
Fighting       | 4 5 6 |  6.0
Long Blades    | 4 |  4.3
Armour         | |  3.6
Shields        | |  3.2

Action                     |  1- 3 |  4- 6 || total
---------------------------+-------+-------++-------
  Melee: Long sword        |   131 |    90 ||   221
         Maw               |       |     1 ||     1
    Use: Scroll            |       |     5 ||     5
 Armour: Scale mail        |    78 |    33 ||   111
  Dodge: Dodged            |    66 |    45 ||   111
  Block: Buckler           |    36 |    14 ||    50
         Tower shield      |       |     2 ||     2
   Form: Maw               |       |     1 ||     1

Table legend: (Time is in decaauts)
 A = Elapsed time spent in this place.
 B = Non-inter-level travel time spent in this place.
 C = Inter-level travel time spent in this place.
 D = Time resting spent in this place.
 E = Time spent auto-exploring this place.
 F = Levels seen in this place.
 G = Mean time per level.
                   A        B        C        D        E       F      G
               +--------+--------+--------+--------+--------+-----+--------+
         Total |   4116 |   3889 |    227 |    467 |   2847 |   4 | 1029.0 |
       Dungeon |   4116 |   3889 |    227 |    467 |   2847 |   4 | 1029.0 |
               +--------+--------+--------+--------+--------+-----+--------+

Top non-repeatable levels by time:
     D:1: 1345 daAuts
     D:2: 1196 daAuts
     D:3: 1016 daAuts
     D:4: 558 daAuts
